 Dungeon Crawl Stone Soup version 0.30.0-17-ge0270778cf (webtiles) character file.

Game seed: 8891045319374911839

1176 Brutalitops the Martial Artist (level 8, -42/45 HPs)
             Began as a Tengu Transmuter on May 21, 2023.
             Annihilated by an ogre
             ... wielding a +0 giant club
              (76 damage)
             ... on level 6 of the Dungeon on May 22, 2023.
             The game lasted 00:13:27 (4165 turns).

Brutalitops the Martial Artist (Tengu Transmuter)   Turns: 4165, Time: 00:13:28

Health: -42/45     AC:  2    Str: 11    XL:     8   Next: 41%
Magic:  15/23      EV:  5    Int: 16    God:
Gold:   233        SH:  0    Dex: 19    Spells: 10/14 levels left

rFire   . .          .
                       - Unarmed
rCold   . . .        (shield currently unavailable)
rNeg    . . .        q - melded +0 leather armour
rPois   x            (helmet currently unavailable)
rElec   .            (cloak currently unavailable)
rCorr   .            o - melded +1 pair of gloves
SInv    .            (boots unavailable)
Will    .....        (no amulet)
Stlth   ++           k - ring of magical power
HPRegen 0.27/turn    n - ring of wizardry
MPRegen 0.18/turn

%: wizardry (x1)
@: spider-form, sleeping, flying quickly and evasively, very slightly
contaminated, quick
A: venomous fangs, flying, tiny, (beak), (talons 3), nimble flight
a: End Transformation


You were on level 6 of the Dungeon.
You were a venomous arachnid creature.
You visited 1 branch of the dungeon, and saw 6 of its levels.

You collected 233 gold pieces.

Inventory:

Hand Weapons
 c - a +2 dagger of electrocution
Armour
 o - a +1 pair of gloves (melded)
 q - a +0 leather armour (melded)
Jewellery
 k - a ring of magical power (left front pincers)
 l - a ring of ice
 n - a ring of wizardry (right front pincers)
Wands
 t - a wand of charming (11)
Scrolls
 b - a scroll of enchant armour {unknown}
 e - 2 scrolls of enchant weapon
 g - 7 scrolls of teleportation
 h - a scroll of torment {unknown}
 i - a scroll of fog {unknown}
 j - a scroll of poison {unknown}
 r - a scroll of blinking
 u - 2 scrolls of amnesia {unknown}
 v - a scroll of immolation {unknown}
Potions
 a - a potion of might
 d - a potion of cancellation
 f - 3 potions of resistance
 m - a potion of ambrosia
 p - a potion of mutation {unknown}
 s - a potion of curing {unknown}
 w - 2 potions of heal wounds
 x - 2 potions of flight {unknown}
 z - a potion of haste {unknown}


   Skills:
 + Level 2.6 Fighting
 - Level 2.2 Dodging
 + Level 8.5 Unarmed Combat
 + Level 3.6 Spellcasting
 + Level 4.3 Transmutations


You had 10 spell levels left.
You knew the following spells:

 Your Spells              Type           Power      Damage    Failure   Level
a - Beastly Appendage     Tmut           32%        N/A       4%          1
b - Spider Form           Tmut/Pois      9%         N/A       19%         3

Your spell library contained the following spells:

 Spells                   Type           Power      Damage    Failure   Level
 Wereblood                Tmut           16%        N/A       5%          2
 Passwall                 Tmut/Erth      7%         N/A       11%         2
 Foxfire                  Conj/Fire      8%         2x1d4     16%         1
 Ensorcelled Hibernation  Hex/Ice        4%         N/A       21%         2
 Swiftness                Air            2%         N/A       36%         3
 Tukima's Dance           Hex            2%         N/A       36%         3
 Ice Form                 Ice/Tmut       9%         N/A       43%         4
 Passage of Golubria      Tloc           2%         N/A       71%         4
 Yara's Violent Unravell  Hex/Tmut       4%         3d4       73%         5
 Fireball                 Conj/Fire      1%         3d3       94%         5
 Plasma Beam              Fire/Air       1%         2x1d12    100%        6
 Simulacrum               Ice/Necr       1%         N/A       100%        6
 Starburst                Conj/Fire      1%         6d3       100%        6
 Ozocubu's Refrigeration  Ice            1%         4d7       100%        7
 Polar Vortex             Ice            1%         N/A       100%        9


Dungeon Overview and Level Annotations

Branches:
Dungeon (6/15)
 Temple: D:4-7

Altars:
Dithmenos
Makhleb
The Shining One


Innate Abilities, Weirdness & Mutations

You are a venomous arachnid creature.
You have venomous fangs.
You are tiny and dextrous.
You are flying.
Your spellcasting is less reliable in this form.
Your armour is entirely melded.
You are incapable of wielding weapons or throwing items.
((You have a beak for a mouth.))
((You have claws for feet.))
Your magical nature lets you fly swiftly and evasively.


Message History

You are very lightly contaminated with residual magic.
Nothing appears to happen.
The ogre enters a dispersal trap!
The sleepcap blinks!
You blink.
Casting: Spider Form (dangerous; 12% risk of failure)
Confirm with . or Enter, or press ? or * to list all spells.
You miscast Spider Form.
Nothing appears to happen.
Casting: Spider Form (dangerous; 12% risk of failure)
Confirm with . or Enter, or press ? or * to list all spells.
You turn into a venomous arachnid creature.
Your +1 pair of gloves melds into your body.
Your +0 leather armour melds into your body.
You hit the sleepcap but do no damage.
The sleepcap is poisoned.
The sleepcap closely misses you.
You hit the sleepcap but do no damage.
The sleepcap is lightly damaged.
The sleepcap releases spores at you.
You are engulfed in a cloud of soporific spores!
You fall asleep.
The sleepcap releases spores at you.
You wake up.
You hit the sleepcap but do no damage.
The sleepcap is lightly damaged.
The sleepcap misses you.
You bite the sleepcap!
The sleepcap is heavily damaged.
The sleepcap completely misses you.
You hit the sleepcap but do no damage.
The sleepcap is severely damaged.
The sleepcap releases spores at you.
You are engulfed in a cloud of soporific spores!
You are unaffected.
You hit the ogre.
The ogre is poisoned.
The ogre is moderately wounded.
You hit the ogre.
The ogre looks as sick as possible!
The ogre is moderately wounded.
The sleepcap releases spores at you.
You are engulfed in a cloud of soporific spores!
You fall asleep.
The ogre hits you with a +0 giant club!!!!
Ouch! That really hurt!
You die...

#ยง# #.# # #.# # #.# #
#.# ### #.# ..##
######.#####
#(.######.##...Of....#
..........##....s....#
###....#####.........#
.......##............#
....#................#
...<#.#..............#
.##.#.#.......##.#####
....#.#.......##.#
####.##.)##..##.#
..##..##.##


You could see an ogre (extremely poisoned) and a sleepcap (poisoned).

Vanquished Creatures
  An ice beast (D:6)
  A black bear (D:4)
  2 ogres
  A centaur (D:6)
  3 phantoms
  A bullfrog (D:4)
  4 scorpions
  A hound (D:5)
  Terence (D:3)
  2 iguanas (D:5)
  4 adders
  A shadow imp (D:5)
  3 worms
  3 dart slugs
  3 orcs
  6 bats
  6 endoplasms
  6 giant cockroaches
  3 goblins
  7 hobgoblins
  8 jackals
  6 kobolds
  4 quokkas
  5 ball pythons
  7 frilled lizards
  4 rats
93 creatures vanquished.

Notes
Turn   | Place    | Note
-------+----------+-------------------------------------------
     0 | D:1      | Brutalitops the Tengu Transmuter began the quest for the
                  | Orb.
     0 | D:1      | Reached XP level 1. HP: 12/12 MP: 4/4
   208 | D:1      | Reached XP level 2. HP: 16/16 MP: 6/6
   469 | D:1      | Reached XP level 3. HP: 8/20 MP: 7/7
   473 | D:1      | Learned a level 3 spell: Spider Form
  1080 | D:2      | Reached XP level 4. HP: 23/25 MP: 8/8
  1320 | D:2      | Found a glowing golden altar of the Shining One.
  1957 | D:3      | Noticed Terence
  1965 | D:3      | Killed Terence
  1966 | D:3      | Reached skill level 4 in Unarmed Combat
  1966 | D:3      | Gained mutation: Your magical nature lets you fly swiftly
                  | and evasively. [Tengu growth]
  1966 | D:3      | Reached XP level 5. HP: 20/29 MP: 9/9
  2306 | D:3      | Found a shadowy altar of Dithmenos.
  2558 | D:4      | Noticed a black bear
  2572 | D:4      | Killed a black bear
  2573 | D:4      | Reached skill level 5 in Unarmed Combat
  2573 | D:4      | Reached XP level 6. HP: 21/35 MP: 10/10
  2678 | D:4      | Reached skill level 6 in Unarmed Combat
  2790 | D:4      | Found a burning altar of Makhleb.
  2926 | D:4      | Reached XP level 7. HP: 40/40 MP: 11/11
  3212 | D:5      | Entered Level 5 of the Dungeon
  3394 | D:5      | Reached skill level 7 in Unarmed Combat
  3830 | D:5      | Reached XP level 8. HP: 37/45 MP: 13/13
  3995 | D:6      | Reached skill level 8 in Unarmed Combat
  4165 | D:6      | Annihilated by an ogre

Illustrated notes

Levels and vault maps discovered:
D:1:      dpeg_arrival_arbitrary_c, layout_basic, serial_rivers,
          chequers_serial_rivers_room_a, chequers_serial_rivers_room_a,
          chequers_serial_rivers_room_b, chequers_serial_rivers_marsh,
          grunt_decor_resistance, kennysheep_small_spiral,
          amcnicky_mini_corridor_feature
D:2:      layout_loops_cross, basic_altar, kennysheep_generic_room_8
D:3:      layout_basic, grunt_dithmenos_smoke, uniq_terence
D:4:      layout_cave_pools, lightli_temple_of_fire
D:5:      layout_rooms
D:6:      layout_basic

Skill      XL: |  1  2  3  4  5  6  7  8 |
---------------+-------------------------+-----
Transmutations | 2 3 4 |  4.3
Unarmed Combat | 4 5 6 7 8 |  8.5
Fighting       | 2 |  2.6
Spellcasting   | 3 |  3.6
Dodging        | |  2.2

Action                     |  1- 3 |  4- 6 |  7- 9 || total
---------------------------+-------+-------+-------++-------
  Melee: Unarmed           |    78 |   131 |    70 ||   279
         Kick              |    19 |    23 |     1 ||    43
         Peck              |     8 |    17 |       ||    25
         Punch             |     4 |     2 |       ||     6
   Cast: Spider Form       |       |     6 |    12 ||    18
    Use: Scroll            |     2 |     5 |     1 ||     8
         Potion            |     1 |       |       ||     1
   Stab: Sleeping          |     2 |     2 |       ||     4
 Armour: Robe              |    12 |     8 |       ||    20
         Skin              |     6 |     3 |     1 ||    10
         Leather armour    |       |     4 |       ||     4
  Dodge: Dodged            |    35 |   100 |    43 ||   178
